AoeStats
← Twitch.tv/WES_XL

Arena

510018893Analyzed
4v4 RM · 3d ago on Sep 29, 2026· 52m 44s· 8 players
Game mode
Random Map
Map size
Large (8 player)
Population
200
Speed
Normal
Resources
Standard
Victory
Conquest
Starting age
Dark Age
Ending age
Imperial Age
RankedLock teamsTeams togetherTeam positionsShared explorationLock speedFull tech treeHidden civsTurbo modeCheats
Victory
Defeat
🇦🇷 Persians · Argentina
1478
+13
🇦🇷 Cumans · Argentina
1413
+15
🇺🇸 Mongols · United States
1404
+16
🇺🇸 Goths · United States
1400
+16
🇲🇽 Italians · Mexico
1549
-20
🇲🇽 Goths · Mexico
1440
-17
🇲🇽 Hindustanis · Mexico
1314
-12
🇲🇽 Teutons · Mexico
1299
-11
Twitch.tv/WES_XL
10:24 Feudal Age
11:32 Double-Bit Axe
14:28 Castle Age
12:27 Horse Collar
15:19 Bow Saw
15:14 Loom
23:35 Heavy Plow
24:13 Wheelbarrow
27:32 Imperial Age
25:22 Scale Barding Armor
25:28 Forging
25:12 Gold Mining
27:32 Chain Barding Armor
27:29 Bloodlines
27:19 Husbandry
27:39 Heavy Camel Rider
28:22 Stone Mining
30:21 Plate Barding Armor
29:53 Grand Trunk Road
30:19 Conscription
30:54 Gold Shaft Mining
30:46 Imperial Camel Rider
32:34 Iron Casting
33:12 Light Cavalry
36:21 Blast Furnace
36:21 Hussar
41:08 Elite Skirmisher
42:00 Padded Archer Armor
44:20 Leather Archer Armor
43:56 Fletching
45:08 Chemistry
44:28 Ballistics
45:32 Stone Shaft Mining
45:44 Bodkin Arrow
46:20 Ring Archer Armor
49:46 Bracer
Vmmp11
9:55 Feudal Age
13:45 Castle Age
13:52 Double-Bit Axe
14:16 Loom
14:49 Bow Saw
18:36 Horse Collar
24:44 Heavy Plow
26:28 Wheelbarrow
26:01 Gold Mining
26:06 Stone Mining
28:57 Fletching
28:58 Town Watch
31:57 Imperial Age
29:47 Bodkin Arrow
30:18 Ballistics
30:00 Padded Archer Armor
31:05 Hand Cart
31:31 Leather Archer Armor
31:37 Town Patrol
32:43 Bracer
33:05 Conscription
33:47 Chemistry
34:56 Ring Archer Armor
33:55 Elite Genoese Crossbowman
36:50 Scale Barding Armor
37:55 Chain Barding Armor
39:02 Treadmill Crane
39:33 Masonry
40:08 Plate Barding Armor
41:36 Forging
41:51 Elite Skirmisher
42:44 Thumb Ring
44:16 Pirotechnia
44:08 Scale Mail Armor
44:43 Iron Casting
43:59 Capped Ram
46:23 Silk Road
SIN CLAN
6:42 Loom
9:02 Feudal Age
10:52 Fletching
28:36 Castle Age
26:28 Horse Collar
27:10 Double-Bit Axe
29:49 Wheelbarrow
39:58 Imperial Age
38:22 Gold Mining
40:25 Padded Archer Armor
41:49 Chemistry
Rosse SinClan
10:03 Feudal Age
13:47 Castle Age
12:37 Double-Bit Axe
17:52 Loom
23:53 Bow Saw
24:07 Horse Collar
25:06 Wheelbarrow
29:32 Imperial Age
27:22 Town Watch
27:57 Squires
28:32 Scale Mail Armor
28:24 Fletching
28:25 Pikeman
28:40 Elite Skirmisher
30:02 Ballistics
31:33 Two-Man Saw
30:55 Forging
31:01 Chain Mail Armor
30:42 Bodkin Arrow
31:44 Forging
31:34 Padded Archer Armor
32:39 Chemistry
32:19 Heavy Plow
34:07 Iron Casting
33:13 Halberdier
34:28 Gold Mining
34:39 Stone Mining
37:32 Masonry
37:42 Leather Archer Armor
39:36 Conscription
40:25 Blast Furnace
39:50 Perfusion
41:38 Elite Huskarl
42:58 Anarchy
44:13 Hand Cart
44:47 Crossbowman
AttilathePun463
9:44 Feudal Age
11:02 Double-Bit Axe
13:26 Castle Age
11:26 Horse Collar
14:22 Bow Saw
17:43 Heavy Plow
21:09 Loom
22:08 Wheelbarrow
22:42 Fletching
23:13 Stone Mining
23:45 Hand Cart
30:09 Imperial Age
28:20 Gold Mining
28:59 Bodkin Arrow
31:22 Gold Shaft Mining
30:13 Elite Mangudai
31:00 Bracer
31:27 Ballistics
32:08 Chemistry
31:11 Padded Archer Armor
31:24 Bloodlines
31:59 Husbandry
32:06 Thumb Ring
32:43 Parthian Tactics
32:56 Stone Shaft Mining
33:00 Masonry
34:24 Light Cavalry
35:21 Leather Archer Armor
35:11 Scale Barding Armor
37:30 Conscription
37:31 Chain Barding Armor
36:36 Hussar
41:23 Drill
41:14 Forging
42:03 Hoardings
42:06 Capped Ram
43:24 Siege Ram
43:24 Onager
46:14 Siege Onager
weaking
10:27 Feudal Age
14:22 Castle Age
12:30 Horse Collar
13:39 Loom
14:12 Double-Bit Axe
28:50 Scale Barding Armor
34:36 Imperial Age
32:29 Gold Mining
32:44 Heavy Plow
33:10 Bloodlines
33:04 Husbandry
34:11 Forging
35:17 Wheelbarrow
35:20 Chain Barding Armor
34:41 Cavalier
37:10 Crop Rotation
37:38 Plate Barding Armor
37:20 Savar
38:35 Fletching
40:31 Iron Casting
42:47 Blast Furnace
47:07 Gold Shaft Mining
51:36 Spies/Treason
elchinaleikazo
9:17 Feudal Age
9:24 Loom
10:10 Double-Bit Axe
10:14 Horse Collar
16:48 Town Watch
21:06 Castle Age
20:28 Wheelbarrow
24:29 Bow Saw
27:21 Fletching
28:31 Bodkin Arrow
28:36 Padded Archer Armor
29:01 Hand Cart
30:30 Thumb Ring
31:19 Leather Archer Armor
34:27 Imperial Age
32:10 Gold Mining
33:02 Bloodlines
33:19 Ballistics
34:18 Heavy Plow
35:45 Ring Archer Armor
36:46 Conscription
38:00 Chemistry
37:17 Elite Kipchak
38:56 Cuman Mercenaries
43:22 Coinage
42:53 Caravan
48:47 Masonry
49:07 Parthian Tactics
50:55 Spies/Treason
DoctorDubbz
3:41 Loom
8:42 Feudal Age
9:17 Double-Bit Axe
10:35 Fletching
20:13 Castle Age
18:34 Horse Collar
21:08 Bow Saw
28:31 Imperial Age
27:16 Wheelbarrow
26:59 Gold Mining
28:22 Treadmill Crane
29:20 Forging
30:22 Chemistry
29:13 Pikeman
30:59 Iron Casting
33:13 Blast Furnace
34:21 Scale Mail Armor
38:04 Chain Mail Armor
38:07 Halberdier
39:21 Squires
44:21 Masonry
44:10 Bodkin Arrow
44:15 Padded Archer Armor
44:38 Stone Mining
45:10 Ballistics
44:20 Elite Skirmisher
45:22 Bracer
46:56 Leather Archer Armor
50:17 Ring Archer Armor
51:30 Conscription
51:27 Murder Holes
52:18 Architecture
Connection lost

Rejoining the realm…

Still unreachable

The connection could not be restored.

Session expired

The server has moved on; the page needs a fresh start.